 Dungeon Crawl Stone Soup version 0.21.0-37-g46506fa (webtiles) character file.

70 troglodite the Charmwright (level 4, -6/30 HPs)
             Began as an Octopode Skald on Jan 31, 2018.
             Mangled by an orc
             ... wielding a +3 war axe of venom
              (8 damage)
             ... on level 3 of the Dungeon.
             The game lasted 00:06:13 (1708 turns).

troglodite the Charmwright (Octopode Skald)         Turns: 1708, Time: 00:06:13

Health: -6/30      AC:  1    Str: 10    XL:     4   Next: 21%
Magic:  5/7        EV: 13    Int: 15    God:
Gold:   61         SH:  0    Dex: 12    Spells: 0/7 levels left

rFire    . . .     SeeInvis .   a - +0 falchion
rCold    . . .     Gourm    .   (no shield)
rNeg     . . .     Faith    .   (helmet restricted)
rPois    .         Spirit   .   (no amulet)
rElec    .         Reflect  .   (no ring)
rCorr    .         Harm     .   (no ring)
MR       .....                  (no ring)
Stlth    ++........             (no ring)
HPRegen  0.10/turn              (no ring)
MPRegen  0.10/turn              (no ring)
                                (no ring)
                                (no ring)

@: heavily drained
A: almost no armour, stealthy swim, amphibious, 8 rings, constrict 8, camouflage
1, gelatinous body 1
a: no special abilities


You were on level 3 of the Dungeon.
You were not hungry.

You visited 1 branch of the dungeon, and saw 3 of its levels.

You collected 61 gold pieces.

Inventory:

Hand Weapons
 a - a +0 falchion (weapon)
Scrolls
 e - 2 scrolls of enchant armour {unknown}
 g - a scroll of amnesia {unknown}
 h - 2 scrolls of identify {unknown}
 i - 2 scrolls of remove curse {unknown}
 j - 2 scrolls of teleportation {unknown}
 l - 3 scrolls of fog {unknown}
Potions
 f - 2 potions of flight {unknown}
 k - a potion of lignification {unknown}
Books
 b - a book of Battle

   Spells                             Type                      Level
   a - Infusion                       Charms                       1
   b - Shroud of Golubria             Charms/Translocation         2
   c - Song of Slaying                Charms                       2
   d - Spectral Weapon                Hexes/Charms                 3
   e - Regeneration                   Charms/Necromancy            3
Comestibles
 c - 6 rations


   Skills:
 * Level 2.7(1.1) Fighting
 + Level 2.3(0.7) Long Blades
 * Level 2.6(1.1) Dodging
 + Level 1.2(0.0) Stealth
 * Level 2.4(0.8) Spellcasting
 * Level 3.6(2.0) Charms


You couldn't memorise any spells.
You knew the following spells:

 Your Spells              Type           Power        Failure   Level  Hunger
a - Infusion              Chrm           #...         11%         1    ##.....
b - Spectral Weapon       Hex/Chrm       #.......     45%         3    ####...
c - Regeneration          Chrm/Necr      #.........   45%         3    ####...


Dungeon Overview and Level Annotations

Branches:
Dungeon (3/15)

Altars:

Annotations:
D:3 Sigmund


Innate Abilities, Weirdness & Mutations

You cannot wear most types of armour.
You are very stealthy in the water. (Stealth+)
You are amphibious.
You can wear up to eight rings at the same time.
You can use your tentacles to constrict eight enemies at once.
Your skin changes colour to match your surroundings (Stealth+).
Your rubbery body absorbs attacks. (AC +1, EV +1)


Message History

You closely miss the orc. You grab the orc. You constrict the orc.
The bat hits you but does no damage. The quokka barely misses you.
The bat misses you. The orc hits you.
* * * LOW HITPOINT WARNING * * *
The orc priest barely misses your spectral weapon.
An orc comes into view. It is wielding a club.
You completely miss the orc.
The orc is heavily wounded.
You constrict the orc. The bat hits you.
* * * LOW HITPOINT WARNING * * *
The quokka bites you.
* * * LOW HITPOINT WARNING * * *
The orc hits you but does no damage.
The orc priest misses your spectral weapon.
The orc moves out of view.
The quokka misses you.
You hit the orc.
You kill the orc!
The bat hits you but does no damage.
The orc hits you with a war axe of venom!
You die...

# .## ##...
##....# ######
.....#.
#....##o.....)
##.$..((ro#....
#......#@###...##
#.#...@oo.......
#.....b.....###
#..o...........
..o###....>....#
.... #.........#
.... ##..###...
##.## .## #..# #


You could see Sigmund, an orc priest, 5 orcs, a quokka, a bat and a friendly
spectral falchion.

Vanquished Creatures
  An adder (D:2)
  A worm (D:2)
  3 dart slugs (D:1)
  4 leopard geckos
  3 orcs (D:3)
  4 giant cockroaches (D:1)
  4 hobgoblins
  6 kobolds
  A ball python (D:1)
  3 bats
  A frilled lizard (D:2)
  7 goblins
  6 rats
44 creatures vanquished.

Notes
Turn   | Place    | Note
-------+----------+-------------------------------------------
     0 | D:1      | troglodite the Octopode Skald began the quest for the Orb.
     0 | D:1      | Reached XP level 1. HP: 14/14 MP: 3/3
    56 | D:1      | Reached XP level 2. HP: 16/19 MP: 5/5
   425 | D:1      | Reached XP level 3. HP: 24/24 MP: 1/6
   448 | D:1      | Learned a level 3 spell: Spectral Weapon
   953 | D:2      | Reached skill level 1 in Stealth
   953 | D:2      | Reached XP level 4. HP: 10/30 MP: 2/7
   965 | D:2      | Learned a level 3 spell: Regeneration
  1703 | D:3      | Noticed Sigmund
  1708 | D:3      | Mangled by an orc

Skill      XL: |  1  2  3 |
---------------+----------+-----
Stealth        | 1 |  1.2
Fighting       | |  2.7
Long Blades    | |  2.3
Dodging        | |  2.6
Spellcasting   | |  2.4
Charms         | |  3.6

Action                   |  1- 3 |  4- 6 || total
-------------------------+-------+-------++-------
Melee: Falchion          |    60 |    14 ||    74
       Constrict         |    20 |     4 ||    24
       Tentacles         |     6 |     1 ||     7
 Cast: Infusion          |     1 |       ||     1
       Spectral Weapon   |     1 |     1 ||     2
  Use: Potion            |     3 |       ||     3
 Stab: Sleeping          |     7 |     3 ||    10
  Eat: Chunk             |       |     3 ||     3
Armor: Skin              |     1 |     3 ||     4
Dodge: Dodged            |    50 |    11 ||    61
       Rpst.: Falchion   |    13 |     2 ||    15
